 Dungeon Crawl Stone Soup version 0.28.0-47-ge53b351184 (webtiles) character file.

Game seed: 15982702403113349976

858 issech the Ducker (level 7, -7/68 HPs)
             Began as a Troll Fighter on Apr 28, 2022.
             Mangled by an ice beast (12 damage)
             ... on level 5 of the Dungeon.
             The game lasted 00:11:57 (3914 turns).

issech the Ducker (Troll Fighter)                   Turns: 3914, Time: 00:11:57

Health: -7/68      AC:  5    Str: 25    XL:     7   Next: 71%
Magic:  6/6        EV:  9    Int:  4    God:
Gold:   152        SH:  8    Dex: 11    Spells: 6/6 levels left

rFire   . . .      SeeInvis .   f - +3 dagger (freeze)
rCold   . . .      Faith    .   c - +0 kite shield
rNeg    . . .      Spirit   .   b - +0 robe
rPois   .          Reflect  .   (helmet restricted)
rElec   .          Harm     .   m - +0 cloak
rCorr   .          Rampage  .   (gloves unavailable)
Will    .....                   (boots unavailable)
Stlth   +.........              o - amulet of magic regeneration
HPRegen 1.01/turn               (no ring)
MPRegen 0.50/turn               (no ring)

@: no status effects
A: large, unfitting armour, claws 3, regeneration 1, shaggy fur 1, tough skin 1
a: no special abilities


You were on level 5 of the Dungeon.
You visited 1 branch of the dungeon, and saw 6 of its levels.

You collected 152 gold pieces.

Inventory:

Hand Weapons
 a - a +0 flail
 f - a +3 dagger of freezing (weapon)
 s - a +0 long sword
 B - a +0 shortbow
Missiles
 e - 148 stones
 j - 41 bolts
 t - 3 poisoned darts
 u - 5 atropa-tipped darts
 y - 4 large rocks (quivered)
 z - 46 arrows
 A - 20 sling bullets
 H - 2 boomerangs of dispersal
Armour
 b - a +0 robe (worn)
 c - a +0 kite shield (worn)
 m - a +0 cloak (worn)
 G - an orb of mayhem
Magical Staves
 n - a staff of air
Jewellery
 o - an amulet of magic regeneration (around neck)
Wands
 w - a wand of flame (20)
Scrolls
 g - a scroll of blinking {unknown}
 h - 3 scrolls of immolation {unknown}
 i - 4 scrolls of noise {unknown}
 p - 5 scrolls of identify {unknown}
 r - a scroll of amnesia {unknown}
 F - a scroll of teleportation {unknown}
Potions
 d - a potion of might
 k - a potion of resistance {unknown}
 l - 4 potions of curing {unknown}
 q - a potion of cancellation {unknown}
 v - a potion of brilliance {unknown}
 x - a potion of heal wounds {unknown}
 C - a potion of attraction {unknown}
 D - 2 potions of degeneration {unknown}
 E - a potion of berserk rage {unknown}


   Skills:
 + Level 3.6 Fighting
 + Level 3.9 Short Blades
 + Level 2.0 Maces & Flails
 + Level 1.3 Throwing
 + Level 4.0 Dodging
 + Level 1.0 Stealth
 + Level 4.0 Shields


You had 6 spell levels left.
You didn't know any spells.
Your spell library contained the following spells:

 Spells                   Type           Power      Damage    Failure   Level
 Corpse Rot               Necr/Air       0%         N/A       89%         2
 Poisonous Vapours        Pois/Air       0%         N/A       89%         2
 Dispel Undead            Necr           0%         3d6       100%        4
 Petrify                  Tmut/Erth      0%         N/A       100%        4
 Metabolic Englaciation   Hex/Ice        0%         N/A       100%        5
 Death Channel            Necr           0%         N/A       100%        6
 Statue Form              Tmut/Erth      0%         N/A       100%        6


Dungeon Overview and Level Annotations

Branches:
Dungeon (6/15)
 Temple: D:4-7

Altars:
Makhleb
Qazlal
The Shining One

Shops:
D:3 (


Innate Abilities, Weirdness & Mutations

You are too large for most types of armour.
You have claws for hands.
Your natural rate of healing is unusually fast.
You are covered in fur. (AC +1)
You have tough skin. (AC +1)


Message History

The ice beast is severely wounded.
The ice beast hits you but does no damage.
You hit the ice beast but do no damage.
The ice beast is severely wounded.
You block the ice beast's attack.
You hit the ice beast but do no damage.
The ice beast is severely wounded.
The ice beast hits you. The ice beast freezes you!
* * * LOW HITPOINT WARNING * * *
You hit the ice beast but do no damage.
The ice beast is severely wounded.
The ice beast barely misses you.
You hit the ice beast but do no damage.
The ice beast is severely wounded.
The ice beast closely misses you.
You hit the ice beast but do no damage.
The ice beast is severely wounded.
You block the ice beast's attack.
You hit the ice beast but do no damage.
The ice beast is heavily wounded.
You block the ice beast's attack.
You hit the ice beast.
The ice beast is severely wounded.
The ice beast hits you.
* * * LOW HITPOINT WARNING * * *
The ice beast freezes you!
* * * LOW HITPOINT WARNING * * *
Things that are here:
a +0 whip; a +0 ring mail; an orc corpse
There is a stone staircase leading up here.
The ice beast hits you.
* * * LOW HITPOINT WARNING * * *
The ice beast freezes you!
* * * LOW HITPOINT WARNING * * *
You climb upwards.
There is a stone staircase leading down here.
The ice beast hits you.
* * * LOW HITPOINT WARNING * * *
The ice beast freezes you!
You die...

...........# ...........#
...........# .......†...#
##### #########.##
######...# ####.# #........#
###....# #.#.#.#..#
####.#.##.#########........#
................@>..#.#.#..#
.###.####........Y.........#
..##.......#######..#.#.#..#
...######....# #.........#
.............# #.........#
...###.##....# ###########
)..# #.##....# ####
#.##....# .# #.#######


You could see an ice beast.

Vanquished Creatures
  A sky beast (D:5)
  Blork the orc (D:4)
  2 phantoms
  3 scorpions
  A howler monkey (D:5)
  A bullfrog zombie (D:5)
  An orc priest (D:5)
  3 hounds
  3 orc wizards
  A howler monkey skeleton (D:5)
  2 ufetubi (D:4)
  2 dart slugs
  13 orcs
  7 endoplasms
  2 giant cockroaches
  9 goblins
  8 hobgoblins
  7 jackals
  4 quokkas
  7 ball pythons
  5 bats
  A frilled lizard (D:3)
  A kobold (D:1)
  4 rats
89 creatures vanquished.

Vanquished Creatures (others)
  3 fungi (D:1)
3 creatures vanquished.

Grand Total: 92 creatures vanquished

Notes
Turn   | Place    | Note
-------+----------+-------------------------------------------
     0 | D:1      | issech the Troll Fighter began the quest for the Orb.
     0 | D:1      | Reached XP level 1. HP: 22/22 MP: 0/0
   101 | D:1      | Reached XP level 2. HP: 22/29 MP: 1/1
   349 | D:1      | Reached XP level 3. HP: 32/36 MP: 2/2
   413 | D:1      | Found a faded altar of an unknown god.
  1094 | D:3      | Found Hooc's Antique Weapon Boutique.
  1387 | D:3      | Found a glowing golden altar of the Shining One.
  1539 | D:3      | Reached skill level 1 in Short Blades
  1547 | D:3      | Reached XP level 4. HP: 40/44 MP: 3/3
  1865 | D:4      | Found a stormy altar of Qazlal.
  2017 | D:4      | Noticed a scorpion
  2024 | D:4      | Killed a scorpion
  2025 | D:4      | Reached XP level 5. HP: 36/52 MP: 4/4
  2206 | D:4      | Reached XP level 6. HP: 33/61 MP: 5/5
  2747 | D:4      | Noticed Blork the orc
  2761 | D:4      | Killed Blork the orc
  2938 | D:4      | Found a burning altar of Makhleb.
  3160 | D:5      | Entered Level 5 of the Dungeon
  3373 | D:5      | Reached XP level 7. HP: 47/67 MP: 6/6
  3409 | D:5      | Reached skill level 1 in Stealth
  3557 | D:5      | Reached skill level 1 in Throwing
  3914 | D:5      | Mangled by an ice beast

Illustrated notes

Levels and vault maps discovered:
D:1:      minmay_arrival_doors, layout_basic,
          shapermc_ecumenical_altar_mp_urbaneastern, kennysheep_doodads,
          st_stairs_11
D:2:      layout_rooms
D:3:      layout_basic, marbit_many_paths, serial_shops,
          nicolae_shop_waterfront, hangedman_decor_push,
          minmay_misc_feat_enclosed
D:4:      layout_basic, kennysheep_mini_moat, overflow_temple_1_default,
          uniq_blork_the_orc
D:5:      layout_basic, serial_glass, glass_columns_b, glass_columns_b,
          minmay_misc_feat_room, roderic_roman_lattice, corexii_leaking_fountain
D:6:      layout_basic, uniq_menkaure, uniq_duvessa, uniq_maggie

Skill      XL: |  1  2  3  4  5  6  7 |
---------------+----------------------+-----
Maces & Flails | 2 |  2.0
Short Blades   | 1 2 3 |  3.9
Dodging        | 3 4 |  4.0
Shields        | 3 4 |  4.0
Fighting       | 3 |  3.6
Stealth        | 1 |  1.0
Throwing       | 1 |  1.3

Action                   |  1- 3 |  4- 6 |  7- 9 || total
-------------------------+-------+-------+-------++-------
Melee: Dagger            |   141 |   164 |    78 ||   383
       Flail             |    10 |       |       ||    10
Throw: Stone             |     4 |     5 |       ||     9
       Large rock        |       |     8 |     5 ||    13
Armor: Robe              |    58 |    46 |    19 ||   123
Dodge: Dodged            |    58 |    50 |    18 ||   126
Block: Kite shield       |    83 |    64 |    19 ||   166
